 Dungeon Crawl Stone Soup version 0.30-a0-279-g4b46babb21 (webtiles) character file.

Game seed: 14659338506009227490

5577 lunkers the Slicer (level 10, -7/87 HPs)
             Began as an Armataur Reaver on Oct 16, 2022.
             Was a High Priest of Hepliaklqana.
             Mangled by a cane toad (22 damage)
             ... on level 1 of the Lair of Beasts.
             The game lasted 00:16:48 (8620 turns).

lunkers the Slicer (Armataur Reaver)                Turns: 8620, Time: 00:16:48

Health: -7/87      AC:  8    Str: 19    XL:     10   Next: 44%
Magic:  14/14      EV:  6    Int: 16    God:    Hepliaklqana [*****.]
Gold:   266        SH: 17    Dex:  9    Spells: 12/12 levels left

rFire   . . .      SeeInvis .    b - +3 dagger (speed)
rCold   . . .      Faith    .    h - +0 tower shield
rNeg    . . .      Spirit   .    p - +0 leather armour
rPois   .          Reflect  +    t - +0 helmet
rElec   .          Harm     .    l - +0 cloak
rCorr   .          Roll     +    i - +1 pair of gloves
Will    .....                    (no barding)
Stlth   +.........               d - amulet of reflection
HPRegen 0.34/turn                e - +4 ring of slaying
MPRegen 0.14/turn                (no ring)

@: lethally poisoned (-7 -> -49)
A: reduced essence, large, rugged brown scales 3, deformed body, armoured tail,
roll, long tongue, awkward tongue
a: Renounce Religion, Recall Ancestor, Ancestor Identity, Transference, Idealise


You were on level 1 of the Lair of Beasts.
You worshipped Hepliaklqana.
Hepliaklqana was extremely pleased with you.
You visited 2 branches of the dungeon, and saw 10 of its levels.

You collected 512 gold pieces.
You spent 246 gold pieces at shops.

Inventory:

Hand Weapons
 a - the +4 trident of the Pillar {vorpal, rPois rF+ Will+ Stlth+}
   (You bought it in a shop on level 2 of the Dungeon)

   It inflicts extra damage upon your enemies.
   rF:        It protects you from fire.
   rPois:     It protects you from poison.
   Will:      It increases your willpower.
   Stlth:     It makes you more stealthy.
 b - a +3 dagger of speed (weapon)
 s - a +3 whip
 E - a +2 short sword of freezing
 Q - a +5 war axe
 R - a +3 scimitar of freezing
Missiles
 M - a throwing net
Armour
 c - a +0 helmet
 h - a +0 tower shield (worn)
 i - a +1 pair of gloves (worn)
 l - a +0 cloak (worn)
 p - a +0 leather armour (worn)
 r - a +0 buckler
 t - a +0 helmet (worn)
 A - a +0 crystal plate armour
 F - a +0 robe of positive energy
Magical Staves
 j - a staff of death
Jewellery
 d - an amulet of reflection (around neck)
 e - a +4 ring of slaying (left hand)
 f - an amulet of faith
 q - a ring of resist corrosion
 x - a ring of magical power
 I - an amulet of regeneration
Scrolls
 y - a scroll of magic mapping
 D - a scroll of blinking
 H - a scroll of summoning
 J - 2 scrolls of teleportation
 K - a scroll of amnesia
Potions
 g - a potion of cancellation
 k - 2 potions of brilliance
 m - 2 potions of magic
 n - 4 potions of curing
 o - 3 potions of ambrosia
 v - a potion of mutation
 w - a potion of attraction
 B - a potion of resistance
 G - a potion of degeneration {unknown}
 N - 2 potions of lignification
 O - a potion of flight {unknown}


   Skills:
 + Level 8.4 Fighting
 + Level 9.5 Short Blades
 - Level 1.3 Dodging
 + Level 5.7 Shields
 - Level 1.0 Unarmed Combat
 - Level 1.7 Spellcasting
 - Level 2.6 Conjurations
 - Level 6.0 Invocations


You had 12 spell levels left.
You didn't know any spells.
Your spell library contained the following spells:

 Spells                   Type           Power      Damage    Failure   Level
 Kiss of Death            Conj/Necr      20%        2d7       65%         1
 Shock                    Conj/Air       20%        1d4       65%         1
 Momentum Strike          Conj/Tloc      10%        3d8       78%         2
 Sting                    Tmut/Pois      4%         1d3       83%         1
 Poisonous Vapours        Pois/Air       2%         N/A       92%         2
 Hailstorm                Conj/Ice       5%         3d4       95%         3
 Portal Projectile        Hex/Tloc       2%         N/A       99%         3
 Swiftness                Air            1%         N/A       99%         3
 Tukima's Dance           Hex            1%         N/A       99%         3
 Airstrike                Air            0%         2d(1-17)  100%        4
 Leda's Liquefaction      Hex/Erth       0%         N/A       100%        4
 Olgreb's Toxic Radiance  Pois           1%         N/A       100%        4
 Summon Ice Beast         Ice/Summ       1%         N/A       100%        4
 Blade Hands              Tmut           0%         N/A       100%        5
 Lee's Rapid Deconstruct  Erth           0%         3d5*      100%        5
 Summon Mana Viper        Hex/Summ       1%         N/A       100%        5
 Statue Form              Tmut/Erth      0%         N/A       100%        6
 Monstrous Menagerie      Summ           0%         N/A       100%        7


Dungeon Overview and Level Annotations

Branches:
Dungeon (9/15)             Temple (0/1) D:5            Lair (1/5) D:8
    Orc: D:9-12

Altars:
Ashenzari
Cheibriados
Hepliaklqana
Nemelex Xobeh
Xom
The Shining One

Shops:
D:2 (   D:5 (:*[

Annotations:
D:5 ragingrage's ghost, novice DgWn


Innate Abilities, Weirdness & Mutations

Your life essence is reduced to manifest your ancestor. (-10% HP)
You are completely covered in rugged brown scales. (AC +3, +7% HP)
Armour fits poorly on your strangely shaped body.
You have a long armoured tail.
You roll when moving toward enemies. (Rampage)
Your long tongue fully drains potion bottles. (2x potion effects)
Your tongue gives you trouble enunciating. (1.5x scroll delay)


Message History

The cane toad is heavily wounded.
You hit the cane toad.
You tail-slap the cane toad, but do no damage.
The cane toad is heavily wounded.
The cane toad stings you!
You are poisoned.
The cane toad poisons you!
You hit the cane toad but do no damage.
The cane toad is heavily wounded.
You feel very sick.
The cane toad stings you but does no damage.
You hit the cane toad.
Your tail-slap misses the cane toad.
The cane toad is heavily wounded.
You feel sick.
You barely miss the cane toad.
The cane toad is heavily wounded.
You feel sick. The cane toad barely misses you.
You hit the cane toad.
The cane toad is heavily wounded.
You feel sick. The cane toad stings you!
* * * LOW HITPOINT WARNING * * *
You are more poisoned.
The cane toad poisons you!
You closely miss the cane toad.
The cane toad is heavily wounded.
You feel very sick.
Unknown command.
You hit the cane toad.
The cane toad is severely wounded.
You feel very sick. The cane toad stings you!
* * * LOW HITPOINT WARNING * * *
You are more poisoned.
The cane toad poisons you!
You hit the cane toad but do no damage.
The cane toad is severely wounded.
* * * LOW HITPOINT WARNING * * *
You feel extremely sick. The cane toad stings you!!
You die...

...... ....# #..##
...... #..# #...#
....####.## ###....
...#.#...####P....#
#.##..##..#.....P#
#....###........P#
##..## #...#....##
##.#####.####..##.
#@.# #...# ##...##
#F..###..## #....##
..........####......
..##P##......##..P##..
#. ###.#.....##.####.P
#. .. #........###.##
# . #..##..#.###..#
### ###### ####


You could see a cane toad.

Vanquished Creatures
  A troll (D:7)
  Prince Ribbit (D:5)
  A shadow (D:7)
  2 wyverns
  3 yaks
  A steam dragon (D:8)
  A sky beast (D:6)
  2 ice beasts
  An ogre (D:6)
  2 black bears
  3 centaurs
  A phantom (D:6)
  2 kobold brigands
  5 bullfrogs
  A necrophage (D:7)
  2 scorpions
  13 wights
  6 killer bees (D:8)
  2 hounds
  A gnoll bouda (D:8)
  3 orc priests
  A jelly (D:5)
  2 iguanas
  5 orc wizards
  Robin (D:3)
  7 adders
  6 gnolls
  A shadow imp (D:6)
  An ufetubus (D:6)
  2 worms
  3 dart slugs
  14 orcs
  4 bats
  7 endoplasms
  A giant cockroach (D:2)
  7 goblins
  6 hobgoblins
  3 jackals (D:3)
  6 kobolds
  2 quokkas
  3 ball pythons
  2 frilled lizards
  5 rats
143 creatures vanquished.

Vanquished Creatures (collateral kills)
  An elephant (D:8)
  2 water moccasins
  2 black bears (D:8)
  3 wights
  2 jellies
  2 orc priests
  2 iguanas
  An orc wizard (D:6)
  3 gnolls
  2 adders (D:2)
  An ufetubus (D:6)
  A worm (D:2)
  A dart slug (D:3)
  5 orcs
  4 goblins
  3 hobgoblins
  A jackal (D:3)
  3 kobolds
  A rat (D:3)
40 creatures vanquished.

Vanquished Creatures (others)
  7 hexers
  A demonic plant (D:9)
  4 fungi
  10 plants
22 creatures vanquished.

Grand Total: 205 creatures vanquished

Notes
Turn   | Place    | Note
-------+----------+-------------------------------------------
     0 | D:1      | lunkers the Armataur Reaver began the quest for the Orb.
     0 | D:1      | Reached XP level 1. HP: 18/18 MP: 3/3
   125 | D:1      | Reached skill level 3 in Short Blades
   230 | D:1      | Reached XP level 2. HP: 25/25 MP: 4/4
   304 | D:1      | Found a faded altar of an unknown god.
   312 | D:1      | Prayed at the altar of an unknown god.
   312 | D:1      | Became a worshipper of Hepliaklqana the Forgotten
   312 | D:1      | Reached * piety under Hepliaklqana
   948 | D:2      | Found Nadi's Antique Weapon Emporium.
   997 | D:2      | Reached XP level 3. HP: 5/25 MP: 2/5
  1219 | D:2      | Reached skill level 4 in Short Blades
  1544 | D:2      | Reached ** piety under Hepliaklqana
  1545 | D:2      | Remembered your ancestor Duaenre as a hexer
  1745 | D:3      | Reached XP level 4. HP: 34/34 MP: 6/6
  2326 | D:3      | Reached *** piety under Hepliaklqana
  2856 | D:4      | Noticed Robin
  2909 | D:3      | Killed Robin
  2911 | D:3      | Reached skill level 5 in Short Blades
  2911 | D:3      | Reached XP level 5. HP: 36/40 MP: 7/7
  3644 | D:5      | Entered Level 5 of the Dungeon
  3738 | D:5      | Reached XP level 6. HP: 26/49 MP: 8/8
  3834 | D:5      | Reached **** piety under Hepliaklqana
  3846 | D:5      | Found a transporter.
  3881 | D:5      | Reached skill level 6 in Short Blades
  3893 | D:5      | Found Fyhaxiygh's Assorted Antiques.
  3910 | D:5      | Noticed Prince Ribbit
  3922 | D:5      | Found Asukoh's Book Shoppe.
  3936 | D:5      | Killed Prince Ribbit
  3937 | D:5      | Reached skill level 5 in Fighting
  3937 | D:5      | Reached XP level 7. HP: 48/59 MP: 9/9
  4002 | D:5      | Found a staircase to the Ecumenical Temple.
  4029 | D:5      | Reached skill level 1 in Unarmed Combat
  4080 | D:5      | Found Sanol's Antique Armour Boutique.
  4261 | D:5      | Noticed ragingrage's ghost (novice DgWn)
  4430 | D:5      | Found Keckeachic's Antique Weapon Shop.
  4495 | D:5      | Found a transporter.
  4497 | D:5      | Identified the +3 ring mail of the Ward {rPois Regen+ Str-4
                  | Int+2}
  4518 | D:5      | HP: 2/60 [gnoll sergeant/+0 spear (8)]
  4687 | D:6      | Found a sparkling altar of Nemelex Xobeh.
  4706 | D:6      | Reached XP level 8. HP: 23/61 MP: 10/10
  5059 | D:2      | Bought an iridescent trident for 246 gold pieces
  5059 | D:2      | Identified the +4 trident of the Pillar {vorpal, rPois rF+
                  | Will+ Stlth+} (You bought it in a shop on level 2 of the
                  | Dungeon)
  5223 | D:6      | Reached skill level 1 in Invocations
  5242 | D:6      | HP: 2/66 [wight/+0 battleaxe (12)]
  5832 | D:7      | Reached XP level 9. HP: 79/79 MP: 11/11
  5871 | D:7      | Reached skill level 1 in Shields
  6061 | D:7      | Found a snail-covered altar of Cheibriados.
  6162 | D:7      | Reached skill level 7 in Short Blades
  6337 | D:7      | Noticed a troll
  6357 | D:7      | Killed a troll
  6731 | D:7      | Reached ***** piety under Hepliaklqana
  7235 | D:8      | Found a glowing golden altar of the Shining One.
  7263 | D:8      | Reached skill level 5 in Invocations
  7553 | D:8      | Reached skill level 8 in Short Blades
  7576 | D:8      | Reached skill level 5 in Shields
  7702 | D:8      | Reached XP level 10. HP: 85/86 MP: 14/14
  7829 | D:8      | Found a shimmering altar of Xom.
  7831 | D:8      | Found a broken altar of Ashenzari.
  7926 | D:8      | Noticed an elephant
  7935 | D:8      | Killed an elephant
  8041 | D:8      | Found a staircase to the Lair.
  8058 | D:8      | Reached skill level 9 in Short Blades
  8339 | D:9      | Noticed a rust devil
  8417 | Lair:1   | Entered Level 1 of the Lair of Beasts
  8605 | Lair:1   | Noticed a cane toad
  8620 | Lair:1   | Mangled by a cane toad

Illustrated notes

Levels and vault maps discovered:
D:1:      tarquinn_simple_flora_water_d, layout_loops_corners,
          hellmonk_ecumenical_altar_heavens_door
D:2:      wad_lake_hut, layout_basic, serial_shops, shop
D:3:      layout_loops_corners, minmay_surrounded
D:4:      layout_cave_pods, serial_bayou_pond_a, uniq_robin
D:5:      layout_loops_ring, minmay_temple_entry_drinking_statues, serial_shops,
          kennysheep_little_box, nicolae_shop_overgrown_old_shop, shop,
          nicolae_inconvenience_store, gammafunk_ghost_gnarly_gnolls,
          uniq_prince_ribbit1
D:6:      layout_rooms, mainiacjoe_overflow_brackets
D:7:      layout_basic, cheibrodos_worm_habitat, minmay_small_thing
D:8:      layout_basic, nicolae_overflow_hidden_temple, david_lair_generic
D:9:      layout_basic, serial_demonic, serial_demonic_f, serial_demonic_b,
          serial_demonic_a, serial_demonic_b, serial_demonic_f, serial_demonic_e
Lair:1:   layout_layer_cave, grunt_megastairs_1

Skill      XL: |  1  2  3  4  5  6  7  8  9 10 |
---------------+-------------------------------+-----
Short Blades   | 3 4 5 6 8 9 |  9.5
Fighting       | 2 3 5 6 8 |  8.4
Unarmed Combat | 1 |  1.0
Invocations    | 3 5 6 |  6.0
Shields        | 5 |  5.7
Dodging        | |  1.3
Spellcasting   | |  1.7
Conjurations   | |  2.6

Action                   |  1- 3 |  4- 6 |  7- 9 | 10-12 || total
-------------------------+-------+-------+-------+-------++-------
Melee: Short sword       |    81 |    76 |       |       ||   157
       Tailslap          |     8 |    13 |    52 |    21 ||    94
       Punch             |       |     1 |       |       ||     1
       Dagger            |       |    72 |   334 |   100 ||   506
 Cast: Kiss of Death     |     2 |       |     4 |       ||     6
Invok: Ancestor Life: He |     1 |       |       |       ||     1
Evoke: Wand              |       |       |     2 |       ||     2
  Use: Potion            |     1 |       |     2 |       ||     3
       Scroll            |       |    12 |     5 |     3 ||    20
 Stab: Confused          |       |     4 |     3 |       ||     7
       Distracted        |       |       |     2 |       ||     2
Armor: Leather armour    |    18 |    44 |    78 |     6 ||   146
Dodge: Dodged            |    24 |    40 |    54 |    10 ||   128
Block: Buckler           |       |    26 |    20 |       ||    46
       Tower shield      |       |       |   158 |    49 ||   207
       Reflection        |       |       |     4 |       ||     4

Table legend: (Time is in decaauts)
 A = Elapsed time spent in this place.
 B = Non-inter-level travel time spent in this place.
 C = Inter-level travel time spent in this place.
 D = Time resting spent in this place.
 E = Time spent auto-exploring this place.
 F = Levels seen in this place.
 G = Mean time per level.
                   A        B        C        D        E       F      G
               +--------+--------+--------+--------+--------+-----+--------+
         Total |   8493 |   7872 |    621 |    321 |   6227 |  10 |  849.3 |
       Dungeon |   8299 |   7679 |    620 |    321 |   6060 |   9 |  922.1 |
          Lair |    194 |    194 |      0 |      0 |    167 |   1 |  194.0 |
               +--------+--------+--------+--------+--------+-----+--------+

Top non-repeatable levels by time:
     D:7: 1324 daAuts
     D:8: 1194 daAuts
     D:2: 1071 daAuts
     D:3: 1046 daAuts
     D:5: 993 daAuts
     D:6: 930 daAuts
     D:4: 921 daAuts
     D:1: 802 daAuts
  Lair:1: 194 daAuts
     D:9: 13 daAuts
